 Dungeon Crawl Stone Soup version 0.17-a0-777-g32247ce (webtiles) character file.

0 RobertPalmer the Bolt Thrower (level 1, -2/12 HPs)
             Began as a Kobold Hunter on Apr 26, 2015.
             Slain by a giant gecko (5 damage)
             ... on level 1 of the Dungeon.
             The game lasted 00:00:12 (73 turns).

RobertPalmer the Bolt Thrower (Kobold Hunter)         Turns: 73, Time: 00:00:12

Health: -2/12      AC:  3    Str: 10    XL:     1   Next: 11%
Magic:  1/1        EV: 14    Int:  9    God:
Gold:   17         SH:  0    Dex: 16    Spells: 0 memorised, 0 levels left

rFire  . . .     SeeInvis .     a - +0 short sword
rCold  . . .     Clarity  .     d - +0 leather armour
rNeg   . . .     SustAb   .     (shield restricted)
rPois  .         Gourm    .     (no helmet)
rElec  .         Spirit   .     (no cloak)
rCorr  .         Warding  .     (no gloves)
rMut   .         Stasis   .     (no boots)
MR     .....                    (no amulet)
Stlth  ++........               (no ring)
                                (no ring)

@: not resistant to hostile enchantments, unstealthy
A: carnivore 3
a: no special abilities


You were on level 1 of the Dungeon.
You were not hungry.

You visited 1 branch of the dungeon, and saw 1 of its levels.

You collected 17 gold pieces.

Inventory:

Hand weapons
 a - a +0 short sword (weapon)
 b - a +1 hand crossbow
Missiles
 c - 20 bolts
Armour
 d - a +0 leather armour (worn)
 j - a +0 pair of boots
   (You found it on level 1 of the Dungeon)
Jewellery
 f - a +5 ring of intelligence {unknown}
   (You found it on level 1 of the Dungeon)
 g - an uncursed ring of see invisible {unknown}
   (You found it on level 1 of the Dungeon)
Comestibles
 e - a meat ration {@e2}
 h - a slice of pizza
 i - a beef jerky


   Skills:
 - Level 2.1 Fighting
 + Level 0.3 Short Blades
 - Level 4.8 Crossbows
 - Level 2.4 Dodging
 - Level 1.3 Stealth


You couldn't memorise any spells.
You didn't know any spells.

Dungeon Overview and Level Annotations

Branches:
Dungeon (1/15)

Altars:


Innate Abilities, Weirdness & Mutations

You are small and have problems with some larger weapons.
You are carnivorous and can eat meat at any time.


Message History

Welcome, RobertPalmer the Kobold Hunter.
Will you prevail where others failed? Will you find the Orb of Zot?
Found 11 gold pieces.
Found a staircase leading out of the dungeon.
No target in view!
You now have 11 gold pieces.
f - a notched iron ring
g - a blackened diamond ring
h - a slice of pizza A rat comes into view.
A rat is nearby!
a - a +0 short sword (weapon)
A rat is nearby!
You see here a beef jerky.
You hit the rat.
You kill the rat!
No target in view!
i - a beef jerky You now have 17 gold pieces (gained 6).
j - a pair of boots A giant gecko comes into view.
A giant gecko is nearby!
A giant gecko is nearby!
A giant gecko is nearby!
You miss the giant gecko. The giant gecko misses you.
You barely miss the giant gecko. The giant gecko bites you.
The giant gecko bites you.
* * * LOW HITPOINT WARNING * * *
You take 9 damage, and have 3/12 hp.
MASSIVE DAMAGE!!
You hit the giant gecko but do no damage.
The giant gecko bites you.
You die...

.# . .##### ###.# .....#
.....# .....# #.....#
.....# #$....#
.....#####.. ..#
.##<.........#.#
.##..........#.#######..#
.######.#.......@l...(...
.# ######.########.# .#
#.# ## #.# #.# #.# #.#
#.# ..# #.#


You could see a giant gecko.

Vanquished Creatures
  A rat (D:1)
1 creature vanquished.

Notes
Turn   | Place    | Note
--------------------------------------------------------------
     0 | D:1      | RobertPalmer, the Kobold Hunter, began the quest for the Orb.
     0 | D:1      | Reached XP level 1. HP: 12/12 MP: 1/1
    72 | D:1      | HP: 3/12 [giant gecko (5)]
    73 | D:1      | Slain by a giant gecko

Action                   || total
-------------------------++-------
Melee: Short sword       ||     4

Vault maps used:
D:1:      dpeg_arrival_sounds_drone

Table legend:
 A = Turns spent in this place as a percentage of turns spent in the entire game.
 B = Non-inter-level travel turns spent in this place as a percentage of non-inter-level travel turns spent in the entire game.
 C = Inter-level travel turns spent in this place as a percentage of turns spent in this place.
 D = Turns resting spent in this place as a percentage of non-inter-level travel turns spent in this place.
 E = Turns spent auto-exploring this place as a percentage of non-inter-level travel turns spent in this place.
 F = Non-inter-level travel turns spent in this place divided by the number of levels of this place that you've seen.
                   A       B       C       D       E      F
               +-------+-------+-------+-------+-------+----------------------
         Total | 100.0 | 100.0 |   0.0 |   0.0 |  17.2 |  29.0
       Dungeon | 100.0 | 100.0 |   0.0 |   0.0 |  17.2 |  29.0
               +-------+-------+-------+-------+-------+----------------------

Table legend:
 A = Kills in this place as a percentage of kills in entire the game.
 B = Kills by you in this place as a percentage of kills by you in the entire game.
 C = Kills by friends in this place as a percentage of kills by friends in the entire game.
 D = Other kills in this place as a percentage of other kills in the entire game.
 E = Experience gained in this place as a percentage of experience gained in the entire game.
 F = Experience gained in this place divided by the number of levels of this place that you have seen.
                   A       B       C       D       E      F
               +-------+-------+-------+-------+-------+----------------------
         Total | 100.0 | 100.0 |  -nan |  -nan | 100.0 |   1.0
       Dungeon | 100.0 | 100.0 |  -nan |  -nan | 100.0 |   1.0
               +-------+-------+-------+-------+-------+----------------------
